 Dungeon Crawl Stone Soup version 0.31.0-1-g2c135a0 (webtiles) character file.

Game seed: 17519434665468021241

1873 edsrzf the Fighter (level 9, -7/105 HPs)
             Began as an Oni Brigand on Jan 31, 2024.
             Was a Priest of Cheibriados.
             Mangled by Duvessa
             ... wielding a +0 short sword
              (10 damage)
             ... on level 7 of the Dungeon.
             The game lasted 00:12:33 (6773 turns).

edsrzf the Fighter (Oni Brigand)                    Turns: 6773, Time: 00:12:34

Health: -7/105     AC:  4    Str: 31    XL:     9   Next: 14%
Magic:  9/9        EV:  9    Int: 20    God:    Cheibriados [***...]
Gold:   233        SH:  0    Dex: 16    Spells: 8/8 levels left

rFire   . . .        a - +3 dagger of the Penguin {flame, rC++}
rCold   + + +        (no shield)
rNeg    . . .        b - +0 robe
rPois   .            (helmet restricted)
rElec   .            c - +0 cloak
rCorr   .            (gloves unavailable)
SInv    .            (boots unavailable)
Will    .....        (no amulet)
Stlth   ++           j - ring of protection from cold
HPRegen 0.37/turn    u - +6 ring of strength
MPRegen 0.11/turn

%: no passive effects
@: attractive, very slow
A: large, unfitting armour, horns 1, tough skin 1, double potion healing,
drunken brawling
a: Renounce Religion, Bend Time, Temporal Distortion


You were on level 7 of the Dungeon.
You worshipped Cheibriados.
Cheibriados was most pleased with you.
You visited 2 branches of the dungeon, and saw 8 of its levels.

You collected 274 gold pieces.
You spent 41 gold pieces at shops.

Inventory:

Hand Weapons
 a - the +3 dagger of the Penguin (weapon) {flame, rC++}
   (You found it on level 3 of the Dungeon)

   rC++:      It greatly protects you from cold.
Missiles
 d - 29 poisoned darts (quivered)
 e - 2 curare-tipped darts
 i - 47 stones
 v - 5 atropa-tipped darts
Armour
 b - a +0 robe (worn)
 c - a +0 cloak (worn)
Jewellery
 j - a ring of protection from cold (left hand)
 u - a +6 ring of strength (right hand)
Wands
 s - a wand of quicksilver (9)
Scrolls
 g - a scroll of blinking {unknown}
 h - 2 scrolls of revelation
 o - a scroll of enchant weapon {unknown}
 p - 2 scrolls of teleportation
 t - 2 scrolls of fog {unknown}
 w - 2 scrolls of silence {unknown}
 y - a scroll of summoning {unknown}
 B - a scroll of amnesia {unknown}
Potions
 f - a potion of might
 k - 3 potions of degeneration
 m - a potion of attraction
 n - 2 potions of heal wounds {unknown}
 q - 2 potions of magic
 x - a potion of mutation {!q}
 z - a potion of brilliance
 C - a potion of lignification {unknown}


   Skills:
 + Level 11.2 Fighting
 - Level 1.7 Short Blades
 - Level 8.2 Throwing
 - Level 0.8 Dodging
 - Level 2.9 Stealth


You had 8 spell levels left.
You didn't know any spells.
Your spell library contained the following spells:

 Spells                   Type           Power      Damage    Failure   Level
 Shock                    Conj/Air       0%         1d3       19%         1
 Ensorcelled Hibernation  Hex/Ice        0%         N/A       28%         2
 Fugue of the Fallen      Necr           0%         N/A       50%         3
 Inner Flame              Hex/Fire       0%         N/A       50%         3
 Swiftness                Air            0%         N/A       50%         3
 Airstrike                Air            0%         2d(0-16)  88%         4
 Anguish                  Hex/Necr       0%         N/A       88%         4
 Cause Fear               Hex            0%         N/A       88%         4
 Fireball                 Conj/Fire      0%         3d3       99%         5
 Irradiate                Conj/Alch      0%         3d11      99%         5
 Ignition                 Fire           0%         3d3       100%        8
 Dragon's Call            Summ           0%         N/A       100%        9


Dungeon Overview and Level Annotations

Branches:
Dungeon (7/15)             Temple (1/1) D:4

Altars:
Ashenzari
Cheibriados
Dithmenos
Elyvilon
Fedhas
Gozag
Hepliaklqana
Kikubaaqudgha
Makhleb
Nemelex Xobeh
Okawaru
Qazlal
Ru
Sif Muna
Trog
Uskayaw
Vehumet
Wu Jian
Xom
Yredelemnul
Zin
The Shining One

Shops:
D:2 ([?*

Annotations:
D:7 1 runed translucent door, exclusion: kobold demonologist, Biscolet's ghost, novice DjHW; Dowan; Duvessa


Innate Abilities, Weirdness & Mutations

You are too large for most types of armour.
You have a pair of small horns on your head.
You have tough skin. (AC +1)
You gain doubled healing and magic from potions.
Whenever you drink a healing potion, you attack all around you.


Message History

Unknown command.
You hit the bullfrog. You burn the bullfrog.
The bullfrog is almost dead.
The bullfrog hits you.
You hit the bullfrog. You burn the bullfrog.
The bullfrog is almost dead.
The bullfrog closely misses you.
The gnoll hits you from afar with a +0 spear.
The bullfrog hits you but does no damage.
You closely miss the bullfrog. Your headbutt misses the bullfrog.
The bullfrog is almost dead.
The bullfrog hits you. The gnoll closely misses you.
You closely miss the bullfrog. You punch the bullfrog.
You kill the bullfrog!
Cheibriados thoroughly appreciates the change of pace.
The gnoll hits you from afar with a +0 spear.
* * * LOW HITPOINT WARNING * * *
Aiming: Quicksilver Bolt
Press: ? - help, Shift-Dir - straight line, f - gnoll
Aim: a gnoll, wielding a +0 spear and quivering javelins (covering ground quickly, 75% to hit)
The bolt of dispelling energy hits the gnoll!
The gnoll is severely wounded.
The gnoll's magical effects unravel!
The bolt of dispelling energy hits the gnoll!
You kill the gnoll!
Cheibriados appreciates the change of pace.
You can now warp the flow of time around you.
The gnoll throws a javelin.
The javelin pierces through you!
* * * LOW HITPOINT WARNING * * *
The gnoll closely misses you.
You see here a bullfrog corpse.
You hit the gnoll. You burn the gnoll.
The gnoll is almost dead.
The gnoll hits you with a +0 spear.
* * * LOW HITPOINT WARNING * * *
Duvessa shouts!
You hit the gnoll. You burn the gnoll.
You kill the gnoll!
Cheibriados appreciates the change of pace.
Press: ? - help, v - describe, . - travel, g - get item
Here: Duvessa, wielding a +0 short sword and wearing a +3 chain mail of fire resistance
Items here: a +2 spear of distortion; a gnoll corpse.
The floor, spattered with blood.
Press: ? - help, v - describe, . - travel, g - get item
Here: Duvessa, wielding a +0 short sword and wearing a +3 chain mail of fire resistance
Items here: a +2 spear of distortion; a gnoll corpse.
The floor, spattered with blood.
Okay, then.
Throw: 3 darts (curare)
Press: ? - help, Shift-Dir - straight line, f - Duvessa
Aim: Duvessa, wielding a +0 short sword and wearing a +3 chain mail of fire resistance (76% to hit)
You throw a curare-tipped dart. The curare-tipped dart hits Duvessa.
Duvessa is poisoned.
Duvessa struggles to breathe.
Duvessa seems to slow down.
Duvessa is lightly wounded.
Okay, then.
Okay, then.
Press: ? - help, v - describe, . - travel
Here: Duvessa, wielding a +0 short sword and wearing a +3 chain mail of fire resistance (moderately wounded, poisoned, slow)
The floor.
Duvessa shouts, "You can run, but you cannot escape us forever!"
Okay, then.
You hit Duvessa but do no damage. You headbutt Duvessa.
Duvessa is heavily wounded.
Press: ? - help, v - describe, . - travel
Here: Duvessa, wielding a +0 short sword and wearing a +3 chain mail of fire resistance (heavily wounded, poisoned, slow)
The floor.
You hit Duvessa but do no damage. You headbutt Duvessa, but do no damage.
Duvessa is heavily wounded.
Duvessa hits you with a +0 short sword!
* * * LOW HITPOINT WARNING * * *
Aiming: Quicksilver Bolt
Press: ? - help, Shift-Dir - straight line, f - Dowan, p - Duvessa
Aim: Dowan, wielding a +0 rapier, wearing a +0 robe and carrying a wand of flame (wandering, hasn't noticed you, 60% to hit)
The bolt of dispelling energy hits Duvessa!
Duvessa is severely wounded.
Duvessa's magical effects unravel!
The bolt of dispelling energy hits Dowan!
Dowan is severely wounded.
Dowan shouts!
Dowan mumbles some strange words.
Dowan blinks!
Duvessa hits you with a +0 short sword!
* * * LOW HITPOINT WARNING * * *
Aiming: Quicksilver Bolt
Press: ? - help, Shift-Dir - straight line, f/p - Dowan
Aim: Dowan, wielding a +0 rapier, wearing a +0 robe and carrying a wand of flame (severely wounded, 60% to hit)
The bolt of dispelling energy hits Duvessa but does no damage.
Duvessa is severely wounded.
The bolt of dispelling energy misses Dowan.
Duvessa looks more healthy.
You take a swig of the potion and twirl the +3 dagger of the Penguin {flame, rC++}.
You hit Duvessa but do no damage. Your headbutt misses Duvessa.
Duvessa is severely wounded.
It was a potion of magic.
Magic courses through your body. Duvessa hits you with a +0 short sword.
* * * LOW HITPOINT WARNING * * *
It was a potion of attraction.
You feel attractive to monsters. Duvessa hits you with a +0 short sword!
You die...

###.##...## #.
#.......... #.
.###.....# #. #
#.>.^.. #. .#
#.###...... #. #.
#.......#.# #.#.
####......# ####..#
#.#..... #...e@# ##
#.#<....
#.###.###....
..#####. #e...# ##
##.# #.####
########.##
#..##.######.......##
#.......†$)).#######
#.#...######e#
#.#............#
#.#####gg..##.##


You could see Duvessa and Dowan.

Vanquished Creatures
  A wyvern (D:7)
  A water moccasin (D:6)
  An orc warrior (D:6)
  2 ice beasts (D:6)
  A black bear (D:4)
  A centaur (D:6)
  2 phantoms
  A bullfrog (D:7)
  2 kobold brigands (D:5)
  2 scorpions
  A bombardier beetle (D:7)
  2 hounds
  A gnoll bouda (D:7)
  A jelly (D:6)
  3 orc priests
  Terence (D:3)
  An iguana (D:6)
  3 orc wizards
  Natasha (twice) (D:3)
  A sleepcap (D:6)
  9 adders
  5 gnolls (D:7)
  2 white imps (D:7)
  5 dart slugs
  12 orcs
  7 endoplasms
  5 giant cockroaches
  13 goblins
  6 hobgoblins
  2 quokkas (D:3)
  6 ball pythons
  5 bats
  2 frilled lizards (D:1)
  10 kobolds
  8 rats
127 creatures vanquished.

Notes
Turn   | Place    | Note
-------+----------+-------------------------------------------
     0 | D:1      | edsrzf the Oni Brigand began the quest for the Orb.
     0 | D:1      | Reached XP level 1. HP: 22/22 MP: 1/1
    81 | D:1      | Reached skill level 3 in Fighting
   132 | D:1      | Reached XP level 2. HP: 31/31 MP: 2/2
   764 | D:2      | Found Wicabun's Assorted Antiques.
   773 | D:2      | Reached XP level 3. HP: 37/39 MP: 3/3
   783 | D:2      | Bought an inky potion for 27 gold pieces
   787 | D:2      | Found Kuuwump's Magic Scroll Emporium.
   884 | D:2      | Reached skill level 4 in Fighting
   884 | D:2      | Reached skill level 3 in Throwing
   929 | D:2      | Bought a scroll of noise for 14 gold pieces
   959 | D:2      | Reached XP level 4. HP: 39/49 MP: 4/4
  1182 | D:2      | Found Ebuopny's Weapon Shop.
  1213 | D:2      | Found Hukhior's Armour Shop.
  1577 | D:3      | Identified the +3 dagger of the Penguin {flame, rC++}
  1734 | D:3      | Noticed Natasha
  1749 | D:3      | Killed Natasha
  1750 | D:3      | Reached skill level 5 in Fighting
  1750 | D:3      | Reached XP level 5. HP: 43/57 MP: 5/5
  1903 | D:3      | Noticed Terence
  2090 | D:3      | Found a sparkling altar of Nemelex Xobeh.
  2090 | D:3      | Found a bloodstained altar of Trog.
  2107 | D:3      | Noticed Natasha
  2120 | D:3      | Killed Natasha
  2121 | D:3      | Reached skill level 4 in Throwing
  2592 | D:3      | Killed Terence
  2679 | D:4      | Found a staircase to the Ecumenical Temple.
  2700 | Temple   | Entered the Ecumenical Temple
  2710 | Temple   | Became a worshipper of Cheibriados the Contemplative
  3003 | D:4      | Reached XP level 6. HP: 51/67 MP: 6/6
  3133 | D:4      | Reached skill level 6 in Fighting
  3522 | D:4      | Reached * piety under Cheibriados
  3638 | D:4      | Noticed a black bear
  3650 | D:4      | Killed a black bear
  3651 | D:4      | Reached skill level 7 in Fighting
  3651 | D:4      | Reached skill level 5 in Throwing
  3651 | D:4      | Reached XP level 7. HP: 76/78 MP: 7/7
  3751 | D:5      | Entered Level 5 of the Dungeon
  4302 | D:5      | Identified 4 potions of degeneration
  4303 | D:5      | Identified 3 potions of curing
  4314 | D:5      | Reached skill level 6 in Throwing
  4327 | D:5      | Reached skill level 8 in Fighting
  4648 | D:5      | Reached ** piety under Cheibriados
  5040 | D:6      | Reached XP level 8. HP: 77/89 MP: 8/8
  5177 | D:6      | Reached skill level 9 in Fighting
  5270 | D:6      | Reached skill level 7 in Throwing
  5297 | D:6      | Identified 3 scrolls of revelation
  5298 | D:6      | Identified 5 scrolls of identify
  5298 | D:6      | Identified 4 scrolls of teleportation
  5683 | D:6      | Reached skill level 10 in Fighting
  6180 | D:7      | Found a runed translucent door.
  6186 | D:7      | Noticed Biscolet's ghost (novice DjHW)
  6252 | D:7      | Noticed a wyvern
  6265 | D:7      | Killed a wyvern
  6266 | D:7      | Reached skill level 8 in Throwing
  6266 | D:7      | Reached XP level 9. HP: 63/102 MP: 9/9
  6270 | D:7      | Identified a potion of might
  6271 | D:7      | Identified a potion of mutation
  6272 | D:7      | Identified a potion of brilliance
  6273 | D:7      | Identified a potion of haste
  6377 | D:7      | Noticed a kobold demonologist
  6441 | D:7      | Noticed Duvessa
  6441 | D:7      | Noticed Dowan
  6752 | D:7      | Reached skill level 11 in Fighting
  6756 | D:7      | Reached *** piety under Cheibriados
  6770 | D:7      | HP: 3/105 [Duvessa/+0 short sword (11)]
  6772 | D:7      | Identified 3 potions of magic
  6773 | D:7      | Identified 2 potions of attraction
  6773 | D:7      | Mangled by Duvessa

Illustrated notes

Levels and vault maps discovered:
D:1:      elethiomel_arrival_quiet, layout_basic, minivault_11
D:2:      layout_rooms, serial_shops, nicolae_shop_peninsula,
          nicolae_shop_pleasant_corner_grove, shop, shop
D:3:      minmay_skewed_foursquare, layout_basic,
          nicolae_overflow_two_pavilions, hangedman_abyss_or_decor_lesser_grid,
          uniq_terence, uniq_natasha
D:4:      layout_basic, minmay_temple_entry_offerings, kennysheep_generic_room_5
D:5:      cheibrodos_thug_alley, layout_basic
D:6:      layout_cave_pools
D:7:      kennysheep_big_flooded_room, layout_loops_ring,
          ebering_ghost_reflecting_pool, uniq_jeremiah, uniq_duvessa
Temple:   nicolae_temple_slightly_damp_pantheon

Skill      XL: |  1  2  3  4  5  6  7  8  9 |
---------------+----------------------------+-----
Fighting       | 3 4 5 7 8 10 11 | 11.2
Throwing       | 3 4 5 6 8 |  8.2
Short Blades   | |  1.7
Dodging        | |  0.8
Stealth        | |  2.9

Action                     |  1- 3 |  4- 6 |  7- 9 || total
---------------------------+-------+-------+-------++-------
  Melee: Dagger            |    79 |   156 |   219 ||   454
         Headbutt          |     7 |    26 |    43 ||    76
         Punch             |     1 |     1 |     3 ||     5
  Throw: Dart              |       |     2 |     4 ||     6
  Evoke: Wand              |       |       |     6 ||     6
    Use: Potion            |       |       |     8 ||     8
         Scroll            |       |       |     8 ||     8
   Stab: Sleeping          |     7 |     5 |     6 ||    18
         Distracted        |       |       |     1 ||     1
 Armour: Robe              |    51 |    92 |   191 ||   334
  Dodge: Dodged            |    24 |    71 |    92 ||   187
